Punishers vs Diables

Created - 15 avril 2015 at 22:34

Goals
1 2 3 T
Punishers 0 1 4 5
Diables 1 0 0 1
Shots
1 2 3 T
Punishers 11 8 19 38
Diables 14 10 8 32

1st period

1. Diables , Petr Sykora 22 (Tyler Bozak, Chris Mcallister) at 6:01 (PP)

Penalties :
Mark Fraser (Pro) for Hooking (Minor) at 5:50, Damien Brunner (Alm) for Hooking (Minor) at 8:10

2nd period

2. Punishers , Éric Perrin 56 (Brad Isbister, Richard Zednik) at 3:10

Penalties :
Éric Perrin (Pro) for Hooking (Minor) at 16:24

3rd period

3. Punishers , Adam Pineault 19 (Kris Chucko, Casey Cizikas) at 2:55
4. Punishers , Richard Zednik 31 (Brad Isbister, Luke Adam) at 5:34
5. Punishers , Mark Fraser 5 (Richard Zednik, Éric Perrin) at 9:57 (PP)
6. Punishers , Éric Perrin 57 (Richard Zednik) at 14:47 (PP)

Penalties :
Damien Brunner (Alm) for Tripping (Minor) at 9:49, Justin Schultz (Alm) for Hooking (Minor) at 14:41

Goalie Stats

Kevin Poulin (Pro), 31 saves from 32 shots - (0,969), W, 29-10-7, 60:00 minutes
Jeff Glass (Alm), 33 saves from 38 shots - (0,868), L, 6-14-1, 60:00 minutes

Players Stats for Punishers

Player Name              G  A  P  +/- PIM S  H  SB GA TA FO     MP     PP MP  PK MP  
------------------------------------------------------------------------------------
Adam McQuaid             0  0  0   0  0   0  0  0  0  0  0/0    11:41   0:00   1:03 
Adam Pineault            1  0  1   1  0   1  1  0  1  0  0/0    12:16   0:00   0:00 
Brad Isbister            0  2  2   2  0   2  2  0  0  0  0/0    24:05   1:32   0:59 
Brandon McMillan         0  0  0   0  0   1  1  0  0  0  0/0     8:44   0:00   0:23 
Casey Cizikas            0  1  1   1  0   0  0  0  0  0  4/6    12:09   0:00   0:51 
Éric Perrin              2  1  3   2  2   4  2  3  0  0  21/37  23:16   1:32   0:11 
Erik Condra              0  0  0   0  0   3  2  0  0  0  1/1    11:05   0:00   0:45 
Justin Falk              0  0  0   1  0   0  0  0  0  0  0/0    17:08   0:00   0:32 
Keaton Ellerby           0  0  0   1  0   1  0  1  0  0  0/0    11:14   1:30   0:11 
Kris Chucko              0  1  1   1  0   4  1  1  1  0  0/3    15:49   0:00   0:48 
Luke Adam                0  1  1   0  0   0  0  0  0  0  2/8    16:41   0:41   0:00 
Mark Fraser              1  0  1   1  2   3  2  0  0  0  0/0    18:59   0:43   0:41 
Mike Grier               0  0  0   0  0   2  1  0  0  0  1/1     6:49   0:41   0:00 
Mike Weber               0  0  0   0  0   1  0  1  0  0  0/0    18:10   0:43   0:00 
Nate Prosser             0  0  0   1  0   2  1  3  0  1  0/0    23:12   1:30   1:25 
Radek Smolenak           0  0  0   0  0   0  0  0  0  0  0/0     8:44   0:00   0:23 
Richard Zednik           1  3  4   2  0   7  0  0  1  2  1/2    21:30   1:32   0:00 
Simon Despres            0  0  0   1  0   0  1  1  0  0  0/0     8:32   0:00   0:00 
Tanner Glass             0  0  0   0  0   6  2  1  1  0  2/3    16:41   0:41   0:00 
Zach Jones               0  0  0   1  0   1  0  0  0  0  0/0    11:03   0:00   0:28 

Players Stats for Diables

Player Name              G  A  P  +/- PIM S  H  SB GA TA FO     MP     PP MP  PK MP  
------------------------------------------------------------------------------------
Andrej Meszaros          0  0  0  -1  0   1  0  0  0  0  0/0    18:32   0:57   0:30 
Andy Greene              0  0  0  -2  0   1  2  0  1  1  0/0    24:18   0:00   1:43 
Brett Maclean            0  0  0  -1  0   4  1  0  0  0  0/1    17:08   0:58   0:29 
Chris Mcallister         0  1  1  -1  0   3  2  0  2  0  2/7    21:57   1:12   1:35 
Damien Brunner           0  0  0  -1  4   4  2  0  0  0  0/1    16:38   0:58   0:00 
Jamie Arniel             0  0  0   0  0   0  0  0  0  1  0/1     9:21   0:00   0:00 
Justin Schultz           0  0  0   0  2   2  2  0  0  0  0/0    17:09   1:13   0:00 
Kellan Lain              0  0  0  -1  0   0  0  1  0  0  8/13   16:39   0:58   0:00 
Kyle Chipchura           0  0  0  -1  0   1  0  1  0  0  1/2    11:37   0:00   0:11 
Marc-André Bourdon       0  0  0   0  0   0  0  1  0  0  0/0     5:28   0:00   0:00 
Martin Grenier           0  0  0  -2  0   3  3  2  0  1  0/0    25:31   1:13   1:43 
Matt Jones               0  0  0  -1  0   1  1  1  0  0  0/0    18:32   0:57   0:30 
Pavel Valentenko         0  0  0   0  0   0  0  0  0  0  0/0    10:29   0:00   0:00 
Petr Sykora              1  0  1  -1  0   5  2  0  0  0  1/3    21:54   1:12   1:33 
Pierre-Cédric Labrie     0  0  0  -1  0   0  2  0  0  0  0/0    11:25   0:00   0:00 
Steve Quailer            0  0  0  -1  0   1  2  0  0  0  0/0    11:25   0:00   0:00 
Taylor Beck              0  0  0   0  0   0  1  0  0  0  0/0     9:30   0:00   0:09 
Tomas Kubalik            0  0  0   0  0   4  1  0  0  0  0/0     9:21   0:00   0:00 
Tyler Bozak              0  1  1  -1  0   2  1  1  0  1  17/33  20:50   1:12   0:29 

3 Stars

1 - Richard Zednik (Pro)
2 - Éric Perrin (Pro)
3 - Kevin Poulin (Pro)

Power Play

Punishers - 2 on 3 Attempt(s) - 66,67%
Diables - 1 on 2 Attempt(s) - 50,00%

Penalty Kill

Punishers - 1 on 2 Attempt(s) - 50,00% - Score 0 goal in Penalty Kill
Diables - 1 on 3 Attempt(s) - 33,33% - Score 0 goal in Penalty Kill

Team Stat

Punishers - Hits : 16 - Faceoff Wins : 32 - Blocked Shots : 11 - Penalty Minutes : 4
Diables - Hits : 22 - Faceoff Wins : 29 - Blocked Shots : 7 - Penalty Minutes : 6

Official

Referees : Leggo Mike and Fraser Kerry
Linesman : Lyle Seitz and Steve Barton

Game Notes

Mike Grier is injured at 3:15 of 2nd period (Strained Left Knee)
Keaton Ellerby is injured at 8:11 of 2nd period (Strained Right Elbow)
19:53 of 3rd period - Punishers goal is going for a video replay. After video review, No Goal. The attacking player has interfered with a goalkeeper in his goal crease.

Finance

Level 1 -- Attendance: 1338 (66,90%) -- Ticket Income 46 830 $
Level 2 -- Attendance: 691 (69,10%) -- Ticket Income 10 365 $
Total Attendance: 2029 (67,63%)
Total Ticket Income: 57 195 $
Other Income: 2 860 $
Total Income: 60 055 $

Punishers

5 vs 5 Forward 
   Center                   Left Wing                Right Wing               Time % Phy DF OF 
 1 Éric Perrin              Brad Isbister            Richard Zednik           40     1   2  2  
 2 Luke Adam                Tanner Glass             Mike Grier               30     1   2  2  
 3 Casey Cizikas            Kris Chucko              Adam Pineault            20     1   2  2  
 4 Brandon McMillan         Radek Smolenak           Erik Condra              10     1   2  2  

5 vs 5 Defense 
   Defense                  Defense                                           Time % Phy DF OF 
 1 Nate Prosser             Keaton Ellerby                                    40     1   2  2  
 2 Mark Fraser              Justin Falk                                       34     1   2  2  
 3 Mike Weber               Adam McQuaid                                      21     1   2  2  
 4 Zach Jones               Simon Despres                                     5      1   2  2  

PowerPlay Forward 
   Center                   Left Wing                Right Wing               Time % Phy DF OF 
 1 Éric Perrin              Brad Isbister            Richard Zednik           60     1   2  2  
 2 Luke Adam                Tanner Glass             Mike Grier               40     1   2  2  

PowerPlay Defense
   Defense                  Defense                                           Time % Phy DF OF 
 1 Nate Prosser             Keaton Ellerby                                    60     1   2  2  
 2 Mark Fraser              Mike Weber                                        40     1   2  2  

Penalty Kill 4 Players Forward 
   Center                   Wing                     Time % Phy DF OF 
 1 Éric Perrin              Brad Isbister            60     1   2  2  
 2 Richard Zednik           Tanner Glass             40     1   2  2  

Penalty Kill 4 Players Defense
   Defense                  Defense                  Time % Phy DF OF 
 1 Nate Prosser             Keaton Ellerby           60     1   2  2  
 2 Mark Fraser              Justin Falk              40     1   2  2  

Penalty Kill - 3 Players Forward 
   Forward                                           Time % Phy DF OF 
 1 Éric Perrin                                       60     1   2  2  
 2 Brad Isbister                                     40     1   2  2  

Penalty Kill - 3 Players Defense
   Defense                  Defense                  Time % Phy DF OF 
 1 Nate Prosser             Keaton Ellerby           60     1   2  2  
 2 Mark Fraser              Justin Falk              40     1   2  2  

4 vs 4 Forward 
   Center                   Wing                     Time % Phy DF OF 
 1 Éric Perrin              Brad Isbister            60     1   2  2  
 2 Richard Zednik           Tanner Glass             40     1   2  2  

4 vs 4 Defense
   Defense                  Defense                  Time % Phy DF OF 
 1 Nate Prosser             Keaton Ellerby           60     1   2  2  
 2 Mark Fraser              Justin Falk              40     1   2  2  

Last Minutes Offensive
   Center                   Left Wing                Right Wing               Defense                  Defense                  
   Éric Perrin              Brad Isbister            Richard Zednik           Nate Prosser             Keaton Ellerby           

Last Minutes Defensive
   Center                   Left Wing                Right Wing               Defense                  Defense                  
   Éric Perrin              Brad Isbister            Richard Zednik           Nate Prosser             Keaton Ellerby           

Goaltenders
Starting : Kevin Poulin             
Backup : Anton Khudobin           

Extra Forwards
Normal : Kris Chucko, Adam Pineault, Erik Condra - PP : Kris Chucko, Adam Pineault - PK : Erik Condra
Extra Defensemen
Normal : Mike Weber, Adam McQuaid, Zach Jones - PP : Mike Weber - PK : Adam McQuaid, Zach Jones
Penalty Shots
Brad Isbister, Richard Zednik, Tanner Glass, Kris Chucko, Mike Grier

Diables

5 vs 5 Forward 
   Center                   Left Wing                Right Wing               Time % Phy DF OF 
 1 Tyler Bozak              Chris Mcallister         Petr Sykora              40     1   2  2  
 2 Kellan Lain              Brett Maclean            Damien Brunner           30     1   2  2  
 3 Kyle Chipchura           Pierre-Cédric Labrie     Steve Quailer            20     1   2  2  
 4 Jamie Arniel             Taylor Beck              Tomas Kubalik            10     1   2  2  

5 vs 5 Defense 
   Defense                  Defense                                           Time % Phy DF OF 
 1 Andy Greene              Martin Grenier                                    40     1   2  2  
 2 Andrej Meszaros          Matt Jones                                        30     1   2  2  
 3 Justin Schultz           Pavel Valentenko                                  20     1   2  2  
 4 Marc-André Bourdon       Justin Schultz                                    10     1   2  2  

PowerPlay Forward 
   Center                   Left Wing                Right Wing               Time % Phy DF OF 
 1 Tyler Bozak              Chris Mcallister         Petr Sykora              60     1   2  2  
 2 Kellan Lain              Brett Maclean            Damien Brunner           40     1   2  2  

PowerPlay Defense
   Defense                  Defense                                           Time % Phy DF OF 
 1 Justin Schultz           Martin Grenier                                    60     1   2  2  
 2 Andrej Meszaros          Matt Jones                                        40     1   2  2  

Penalty Kill 4 Players Forward 
   Center                   Wing                     Time % Phy DF OF 
 1 Chris Mcallister         Petr Sykora              60     1   2  2  
 2 Brett Maclean            Tyler Bozak              40     1   2  2  

Penalty Kill 4 Players Defense
   Defense                  Defense                  Time % Phy DF OF 
 1 Andy Greene              Martin Grenier           60     1   2  2  
 2 Andrej Meszaros          Matt Jones               40     1   2  2  

Penalty Kill - 3 Players Forward 
   Forward                                           Time % Phy DF OF 
 1 Chris Mcallister                                  60     1   2  2  
 2 Petr Sykora                                       40     1   2  2  

Penalty Kill - 3 Players Defense
   Defense                  Defense                  Time % Phy DF OF 
 1 Andy Greene              Martin Grenier           60     1   2  2  
 2 Andrej Meszaros          Matt Jones               40     1   2  2  

4 vs 4 Forward 
   Center                   Wing                     Time % Phy DF OF 
 1 Chris Mcallister         Petr Sykora              60     1   2  2  
 2 Brett Maclean            Tyler Bozak              40     1   2  2  

4 vs 4 Defense
   Defense                  Defense                  Time % Phy DF OF 
 1 Andy Greene              Martin Grenier           60     1   2  2  
 2 Andrej Meszaros          Matt Jones               40     1   2  2  

Last Minutes Offensive
   Center                   Left Wing                Right Wing               Defense                  Defense                  
   Tyler Bozak              Chris Mcallister         Petr Sykora              Andy Greene              Martin Grenier           

Last Minutes Defensive
   Center                   Left Wing                Right Wing               Defense                  Defense                  
   Tyler Bozak              Chris Mcallister         Petr Sykora              Andy Greene              Martin Grenier           

Goaltenders
Starting : Jeff Glass               
Backup : Allen York               

Extra Forwards
Normal : Pierre-Cédric Labrie, Steve Quailer, Kyle Chipchura - PP : Pierre-Cédric Labrie, Steve Quailer - PK : Kyle Chipchura
Extra Defensemen
Normal : Justin Schultz, Pavel Valentenko, Marc-André Bourdon - PP : Justin Schultz - PK : Pavel Valentenko, Marc-André Bourdon
Penalty Shots
Chris Mcallister, Petr Sykora, Brett Maclean, Tyler Bozak, Damien Brunner

% Time on Ice - Punishers

Lines # - Real PCT - Wanted PCT - Time Play
Normal Forward
1 - 39% - 40% - 21:34
2 - 29% - 30% - 16:00
3 - 17% - 20% - 9:42
4 - 15% - 10% - 8:21
Normal Defense
1 - 37% - 40% - 20:26
2 - 32% - 34% - 17:36
3 - 16% - 21% - 9:03
4 - 15% - 5% - 8:32
PP Forward
1 - 69% - 60% - 1:32
2 - 31% - 40% - 0:41
PP Defense
1 - 68% - 60% - 1:30
2 - 32% - 40% - 0:43
PK Forward
1 - 100% - 60% - 2:10
2 - 0% - 40% - 0:00
PK Defense
1 - 75% - 60% - 1:38
2 - 25% - 40% - 0:32
PK3 Forward
1 - 0% - 60%
2 - 0% - 40%
PK3 Defense
1 - 0% - 60%
2 - 0% - 40%
44 Forward
1 - 0% - 60%
2 - 0% - 40%
44 Defense
1 - 0% - 60%
2 - 0% - 40%
Last Minute Offensive  - 0:00
Last Minute Defensive  - 0:00
Total
Forward - 60:00
Defense - 60:00

% Time on Ice - Diables

Lines # - Real PCT - Wanted PCT - Time Play
Normal Forward
1 - 34% - 40% - 19:10
2 - 28% - 30% - 15:41
3 - 21% - 20% - 11:25
4 - 17% - 10% - 9:21
Normal Defense
1 - 41% - 40% - 22:35
2 - 31% - 30% - 17:05
3 - 19% - 20% - 10:29
4 - 10% - 10% - 5:28
PP Forward
1 - 55% - 60% - 1:12
2 - 45% - 40% - 0:58
PP Defense
1 - 56% - 60% - 1:13
2 - 44% - 40% - 0:57
PK Forward
1 - 78% - 60% - 1:44
2 - 22% - 40% - 0:29
PK Defense
1 - 77% - 60% - 1:43
2 - 23% - 40% - 0:30
PK3 Forward
1 - 0% - 60%
2 - 0% - 40%
PK3 Defense
1 - 0% - 60%
2 - 0% - 40%
44 Forward
1 - 0% - 60%
2 - 0% - 40%
44 Defense
1 - 0% - 60%
2 - 0% - 40%
Last Minute Offensive  - 0:00
Last Minute Defensive  - 0:00
Total
Forward - 60:00
Defense - 60:00

Play by Play

1st period


0:01 of 1st period - Éric Perrin wins face-off versus Chris Mcallister in neutral zone.
0:16 of 1st period - Wrist shot by Richard Zednik.
0:16 of 1st period - Shot Blocked by Tyler Bozak.
0:53 of 1st period - Matt Jones is hit by Mark Fraser and loses puck.
1:00 of 1st period - Wrist shot by Adam Pineault.
1:00 of 1st period - Shot Misses the Net.
1:10 of 1st period - Adam McQuaid is hit by Matt Jones and loses puck.
2:01 of 1st period - Snap shot by Brett Maclean.
2:01 of 1st period - Stopped by Kevin Poulin with a rebound.
2:15 of 1st period - Snap shot by Damien Brunner.
2:15 of 1st period - Shot Misses the Net.
2:27 of 1st period - Slapshot by Steve Quailer.
2:27 of 1st period - Shot Misses the Net.
3:27 of 1st period - Snap shot by Mike Grier.
3:27 of 1st period - Shot Misses the Net.
3:29 of 1st period - Wrist shot by Mark Fraser.
3:29 of 1st period - Stopped by Jeff Glass without a rebound.
3:30 of 1st period - Tyler Bozak wins face-off versus Éric Perrin in Diables zone.
3:30 of 1st period - Tyler Bozak is hit by Simon Despres.
3:38 of 1st period - Snap shot by Tyler Bozak.
3:38 of 1st period - Shot Misses the Net.
3:40 of 1st period - Slapshot by Andrej Meszaros.
3:40 of 1st period - Shot Misses the Net.
3:42 of 1st period - Backhand shot by Chris Mcallister.
3:42 of 1st period - Deflect By Tyler Bozak.
3:42 of 1st period - Stopped by Kevin Poulin with a rebound.
4:39 of 1st period - Wrist shot by Tyler Bozak.
4:39 of 1st period - Stopped by Kevin Poulin with a rebound.
4:47 of 1st period - Wrist shot by Kris Chucko.
4:47 of 1st period - Stopped by Jeff Glass with a rebound.
4:49 of 1st period - Backhand shot by Zach Jones.
4:49 of 1st period - Stopped by Jeff Glass with a rebound.
4:51 of 1st period - Slapshot by Zach Jones.
4:51 of 1st period - Shot Misses the Net.
4:53 of 1st period - Snap shot by Kris Chucko.
4:53 of 1st period - Stopped by Jeff Glass with a rebound.
4:55 of 1st period - Slapshot by Zach Jones.
4:55 of 1st period - Deflect By Kris Chucko.
4:55 of 1st period - Shot Blocked by Marc-André Bourdon.
4:55 of 1st period - Puck is out of play.
4:56 of 1st period - Éric Perrin wins face-off versus Kellan Lain in Diables zone.
5:12 of 1st period - Off-side.
5:13 of 1st period - Tyler Bozak wins face-off versus Luke Adam in neutral zone.
5:15 of 1st period - Off-side.
5:16 of 1st period - Tanner Glass wins face-off versus Tyler Bozak in neutral zone.
5:27 of 1st period - Wrist shot by Mike Grier.
5:27 of 1st period - Stopped by Jeff Glass with a rebound.
5:47 of 1st period - Snap shot by Brett Maclean.
5:47 of 1st period - Stopped by Kevin Poulin without a rebound.
5:48 of 1st period - Éric Perrin wins face-off versus Damien Brunner in Punishers zone.
5:50 of 1st period - Minor Penalty to Mark Fraser for Hooking.
5:51 of 1st period - Éric Perrin wins face-off versus Petr Sykora in Punishers zone.
6:01 of 1st period - Wrist shot by Petr Sykora.
6:01 of 1st period - Goal by Petr Sykora - Punishers : 0 - Diables : 1.
6:02 of 1st period - Tyler Bozak wins face-off versus Éric Perrin in neutral zone.
6:52 of 1st period - Snap shot by Kris Chucko.
6:52 of 1st period - Shot Misses the Net.
6:54 of 1st period - Wrist shot by Kris Chucko.
6:54 of 1st period - Stopped by Jeff Glass with a rebound.
7:15 of 1st period - Slapshot by Petr Sykora.
7:15 of 1st period - Shot Misses the Net.
7:17 of 1st period - Snap shot by Tyler Bozak.
7:17 of 1st period - Deflect By Petr Sykora.
7:17 of 1st period - Deflect By Nate Prosser.
7:17 of 1st period - Stopped by Kevin Poulin without a rebound.
7:18 of 1st period - Tyler Bozak wins face-off versus Éric Perrin in Punishers zone.
7:21 of 1st period - Wrist shot by Petr Sykora.
7:21 of 1st period - Stopped by Kevin Poulin without a rebound.
7:22 of 1st period - Éric Perrin wins face-off versus Tyler Bozak in Punishers zone.
7:22 of 1st period - Éric Perrin is hit by Petr Sykora.
7:32 of 1st period - Wrist shot by Petr Sykora.
7:32 of 1st period - Deflect By Chris Mcallister.
7:32 of 1st period - Stopped by Kevin Poulin without a rebound.
7:33 of 1st period - Tyler Bozak wins face-off versus Éric Perrin in Punishers zone.
8:01 of 1st period - Slapshot by Tanner Glass.
8:01 of 1st period - Stopped by Jeff Glass without a rebound.
8:02 of 1st period - Luke Adam wins face-off versus Kellan Lain in Diables zone.
8:10 of 1st period - Minor Penalty to Damien Brunner for Hooking.
8:11 of 1st period - Éric Perrin wins face-off versus Chris Mcallister in Diables zone.
8:11 of 1st period - Wrist shot by Richard Zednik.
8:11 of 1st period - Stopped by Jeff Glass without a rebound.
8:12 of 1st period - Éric Perrin wins face-off versus Chris Mcallister in Diables zone.
8:26 of 1st period - Off-side.
8:27 of 1st period - Chris Mcallister wins face-off versus Éric Perrin in neutral zone.
9:08 of 1st period - Wrist shot by Petr Sykora.
9:08 of 1st period - Stopped by Kevin Poulin without a rebound.
9:09 of 1st period - Luke Adam wins face-off versus Brett Maclean in Punishers zone.
9:18 of 1st period - Snap shot by Mike Grier.
9:18 of 1st period - Stopped by Jeff Glass with a rebound.
9:20 of 1st period - Snap shot by Tanner Glass.
9:20 of 1st period - Stopped by Jeff Glass with a rebound.
10:10 of 1st period - Penalty to Damien Brunner is over, Damien Brunner is back on ice.
10:58 of 1st period - Snap shot by Brett Maclean.
10:58 of 1st period - Shot Misses the Net.
11:51 of 1st period - Wrist shot by Steve Quailer.
11:51 of 1st period - Stopped by Kevin Poulin without a rebound.
11:52 of 1st period - Mike Grier wins face-off versus Kyle Chipchura in Punishers zone.
13:20 of 1st period - Snap shot by Tomas Kubalik.
13:20 of 1st period - Stopped by Kevin Poulin without a rebound.
13:21 of 1st period - Éric Perrin wins face-off versus Tyler Bozak in Punishers zone.
13:30 of 1st period - Wrist shot by Petr Sykora.
13:30 of 1st period - Shot Blocked by Nate Prosser.
13:32 of 1st period - Wrist shot by Chris Mcallister.
13:32 of 1st period - Stopped by Kevin Poulin with a rebound.
14:05 of 1st period - Slapshot by Luke Adam.
14:05 of 1st period - Shot Blocked by Kyle Chipchura.
14:13 of 1st period - Nate Prosser is hit by Pierre-Cédric Labrie and loses puck.
14:28 of 1st period - Slapshot by Nate Prosser.
14:28 of 1st period - Stopped by Jeff Glass with a rebound.
14:34 of 1st period - Petr Sykora is hit by Erik Condra and loses puck.
15:07 of 1st period - Matt Jones is hit by Mark Fraser and loses puck.
15:40 of 1st period - Snap shot by Andy Greene.
15:40 of 1st period - Shot Misses the Net.
16:20 of 1st period - Pavel Valentenko is hit by Brandon McMillan and loses puck.
17:23 of 1st period - Icing by Nate Prosser.
17:24 of 1st period - Kellan Lain wins face-off versus Casey Cizikas in Punishers zone.
17:29 of 1st period - Snap shot by Damien Brunner.
17:29 of 1st period - Stopped by Kevin Poulin with a rebound.
17:31 of 1st period - Slapshot by Justin Schultz.
17:31 of 1st period - Stopped by Kevin Poulin with a rebound.
17:51 of 1st period - Keaton Ellerby is hit by Justin Schultz and loses puck.
18:45 of 1st period - Tyler Bozak is hit by Mike Grier and loses puck.
19:48 of 1st period - Off-side.
19:49 of 1st period - Éric Perrin wins face-off versus Kellan Lain in neutral zone.
Goals for this period are 0 for Punishers vs 1 for Diables.
Shots for this period are 11 for Punishers vs 14 for Diables.

2nd period


0:01 of 2nd period - Kellan Lain wins face-off versus Éric Perrin in neutral zone.
0:10 of 2nd period - Wrist shot by Brett Maclean.
0:10 of 2nd period - Shot Blocked by Keaton Ellerby.
0:12 of 2nd period - Snap shot by Andy Greene.
0:12 of 2nd period - Shot Misses the Net.
0:14 of 2nd period - Snap shot by Kellan Lain.
0:14 of 2nd period - Shot Blocked by Nate Prosser.
0:16 of 2nd period - Snap shot by Kellan Lain.
0:16 of 2nd period - Deflect By Brett Maclean.
0:16 of 2nd period - Stopped by Kevin Poulin with a rebound.
0:26 of 2nd period - Keaton Ellerby is hit by Chris Mcallister and loses puck.
1:08 of 2nd period - Adam McQuaid is hit by Taylor Beck and loses puck.
1:31 of 2nd period - Slapshot by Éric Perrin.
1:31 of 2nd period - Shot Misses the Net.
1:33 of 2nd period - Slapshot by Keaton Ellerby.
1:33 of 2nd period - Stopped by Jeff Glass without a rebound.
1:34 of 2nd period - Kellan Lain wins face-off versus Éric Perrin in Diables zone.
2:03 of 2nd period - Wrist shot by Richard Zednik.
2:03 of 2nd period - Shot Blocked by Martin Grenier.
2:25 of 2nd period - Kellan Lain is hit by Brad Isbister and loses puck.
2:54 of 2nd period - Snap shot by Kellan Lain.
2:54 of 2nd period - Deflect By Damien Brunner.
2:54 of 2nd period - Stopped by Kevin Poulin with a rebound.
3:08 of 2nd period - Wrist shot by Brad Isbister.
3:08 of 2nd period - Deflect By Éric Perrin.
3:08 of 2nd period - Stopped by Jeff Glass with a rebound.
3:10 of 2nd period - Wrist shot by Éric Perrin.
3:10 of 2nd period - Goal by Éric Perrin - Punishers : 1 - Diables : 1.
3:11 of 2nd period - Tyler Bozak wins face-off versus Luke Adam in neutral zone.
3:14 of 2nd period - Mike Grier is hit by Petr Sykora.
3:15 of 2nd period - Mike Grier from Punishers is injured at 3:15 of 2nd period (Strained Left Knee).
3:16 of 2nd period - Éric Perrin wins face-off versus Tyler Bozak in Punishers zone.
3:26 of 2nd period - Off-side.
3:27 of 2nd period - Éric Perrin wins face-off versus Tyler Bozak in neutral zone.
3:52 of 2nd period - Tanner Glass is hit by Martin Grenier and loses puck.
4:31 of 2nd period - Marc-André Bourdon is hit by Nate Prosser and loses puck.
4:50 of 2nd period - Snap shot by Kris Chucko.
4:50 of 2nd period - Stopped by Jeff Glass with a rebound.
4:52 of 2nd period - Snap shot by Kris Chucko.
4:52 of 2nd period - Shot Misses the Net.
5:12 of 2nd period - Snap shot by Luke Adam.
5:12 of 2nd period - Shot Misses the Net.
5:14 of 2nd period - Slapshot by Tanner Glass.
5:14 of 2nd period - Shot Misses the Net.
5:56 of 2nd period - Wrist shot by Tomas Kubalik.
5:56 of 2nd period - Shot Blocked by Kris Chucko.
6:00 of 2nd period - Slapshot by Martin Grenier.
6:00 of 2nd period - Stopped by Kevin Poulin with a rebound.
6:04 of 2nd period - Snap shot by Tomas Kubalik.
6:04 of 2nd period - Stopped by Kevin Poulin without a rebound.
6:05 of 2nd period - Éric Perrin wins face-off versus Tyler Bozak in Punishers zone.
6:32 of 2nd period - Damien Brunner is hit by Tanner Glass and loses puck.
6:37 of 2nd period - Snap shot by Tanner Glass.
6:37 of 2nd period - Deflect By Andrej Meszaros.
6:37 of 2nd period - Stopped by Jeff Glass with a rebound.
7:20 of 2nd period - Off-side.
7:21 of 2nd period - Petr Sykora wins face-off versus Éric Perrin in neutral zone.
7:46 of 2nd period - Luke Adam is hit by Damien Brunner and loses puck.
8:10 of 2nd period - Keaton Ellerby is hit by Pierre-Cédric Labrie and loses puck.
8:11 of 2nd period - Keaton Ellerby from Punishers is injured at 8:11 of 2nd period (Strained Right Elbow).
8:12 of 2nd period - Éric Perrin wins face-off versus Tyler Bozak in Punishers zone.
8:25 of 2nd period - Slapshot by Richard Zednik.
8:25 of 2nd period - Stopped by Jeff Glass with a rebound.
8:27 of 2nd period - Slapshot by Justin Falk.
8:27 of 2nd period - Shot Misses the Net.
8:51 of 2nd period - Icing by Mark Fraser.
8:52 of 2nd period - Tyler Bozak wins face-off versus Kris Chucko in Punishers zone.
9:04 of 2nd period - Icing by Justin Falk.
9:05 of 2nd period - Tyler Bozak wins face-off versus Kris Chucko in Punishers zone.
9:39 of 2nd period - Matt Jones is hit by Éric Perrin and loses puck.
10:29 of 2nd period - Slapshot by Justin Schultz.
10:29 of 2nd period - Stopped by Kevin Poulin with a rebound.
10:39 of 2nd period - Wrist shot by Petr Sykora.
10:39 of 2nd period - Shot Blocked by Nate Prosser.
10:46 of 2nd period - Icing by Luke Adam.
10:47 of 2nd period - Kellan Lain wins face-off versus Luke Adam in Punishers zone.
10:48 of 2nd period - Wrist shot by Damien Brunner.
10:48 of 2nd period - Stopped by Kevin Poulin with a rebound.
11:46 of 2nd period - Slapshot by Brandon McMillan.
11:46 of 2nd period - Stopped by Jeff Glass without a rebound.
11:47 of 2nd period - Éric Perrin wins face-off versus Kellan Lain in Diables zone.
11:48 of 2nd period - Snap shot by Richard Zednik.
11:48 of 2nd period - Shot Misses the Net.
11:50 of 2nd period - Slapshot by Zach Jones.
11:50 of 2nd period - Shot Blocked by Kellan Lain.
11:52 of 2nd period - Snap shot by Éric Perrin.
11:52 of 2nd period - Stopped by Jeff Glass with a rebound.
11:54 of 2nd period - Snap shot by Richard Zednik.
11:54 of 2nd period - Deflect By Brad Isbister.
11:54 of 2nd period - Shot Blocked by Martin Grenier.
11:54 of 2nd period - Puck is out of play.
11:55 of 2nd period - Kellan Lain wins face-off versus Éric Perrin in Diables zone.
12:29 of 2nd period - Wrist shot by Tyler Bozak.
12:29 of 2nd period - Shot Blocked by Tanner Glass.
12:47 of 2nd period - Backhand shot by Tomas Kubalik.
12:47 of 2nd period - Stopped by Kevin Poulin without a rebound.
12:48 of 2nd period - Éric Perrin wins face-off versus Jamie Arniel in Punishers zone.
14:02 of 2nd period - Snap shot by Pierre-Cédric Labrie.
14:02 of 2nd period - Shot Blocked by Mike Weber.
14:04 of 2nd period - Snap shot by Martin Grenier.
14:04 of 2nd period - Stopped by Kevin Poulin with a rebound.
14:06 of 2nd period - Snap shot by Steve Quailer.
14:06 of 2nd period - Shot Misses the Net.
14:08 of 2nd period - Slapshot by Andy Greene.
14:08 of 2nd period - Shot Misses the Net.
15:17 of 2nd period - Wrist shot by Kyle Chipchura.
15:17 of 2nd period - Stopped by Kevin Poulin without a rebound.
15:18 of 2nd period - Kyle Chipchura wins face-off versus Luke Adam in Punishers zone.
15:23 of 2nd period - Slapshot by Andy Greene.
15:23 of 2nd period - Shot Blocked by Simon Despres.
15:25 of 2nd period - Snap shot by Martin Grenier.
15:25 of 2nd period - Stopped by Kevin Poulin with a rebound.
15:45 of 2nd period - Snap shot by Pierre-Cédric Labrie.
15:45 of 2nd period - Deflect By Steve Quailer.
15:45 of 2nd period - Shot Misses the Net.
15:45 of 2nd period - Puck is out of play.
15:46 of 2nd period - Éric Perrin wins face-off versus Tyler Bozak in Punishers zone.
15:46 of 2nd period - Éric Perrin is hit by Chris Mcallister.
16:12 of 2nd period - Slapshot by Matt Jones.
16:12 of 2nd period - Shot Blocked by Éric Perrin.
16:24 of 2nd period - Minor Penalty to Éric Perrin for Hooking.
16:25 of 2nd period - Erik Condra wins face-off versus Tyler Bozak in Punishers zone.
16:56 of 2nd period - Wrist shot by Damien Brunner.
16:56 of 2nd period - Shot Misses the Net.
17:42 of 2nd period - Martin Grenier is hit by Kris Chucko and loses puck.
18:24 of 2nd period - Penalty to Éric Perrin is over, Éric Perrin is back on ice.
18:38 of 2nd period - Justin Falk is hit by Steve Quailer and loses puck.
19:07 of 2nd period - Matt Jones is hit by Brad Isbister and loses puck.
19:52 of 2nd period - Wrist shot by Jamie Arniel.
19:52 of 2nd period - Shot Misses the Net.
Goals for this period are 1 for Punishers vs 0 for Diables.
Shots for this period are 8 for Punishers vs 10 for Diables.

3rd period


0:01 of 3rd period - Tyler Bozak wins face-off versus Éric Perrin in neutral zone.
0:26 of 3rd period - Nate Prosser is hit by Martin Grenier and loses puck.
0:45 of 3rd period - Wrist shot by Erik Condra.
0:45 of 3rd period - Stopped by Jeff Glass without a rebound.
0:46 of 3rd period - Tyler Bozak wins face-off versus Tanner Glass in Diables zone.
0:51 of 3rd period - Wrist shot by Tanner Glass.
0:51 of 3rd period - Stopped by Jeff Glass without a rebound.
0:52 of 3rd period - Tanner Glass wins face-off versus Tyler Bozak in Diables zone.
0:55 of 3rd period - Wrist shot by Tanner Glass.
0:55 of 3rd period - Shot Blocked by Matt Jones.
0:57 of 3rd period - Wrist shot by Tanner Glass.
0:57 of 3rd period - Stopped by Jeff Glass without a rebound.
0:58 of 3rd period - Tyler Bozak wins face-off versus Éric Perrin in Diables zone.
1:25 of 3rd period - Snap shot by Steve Quailer.
1:25 of 3rd period - Shot Blocked by Éric Perrin.
1:41 of 3rd period - Wrist shot by Richard Zednik.
1:41 of 3rd period - Stopped by Jeff Glass with a rebound.
1:43 of 3rd period - Backhand shot by Éric Perrin.
1:43 of 3rd period - Shot Misses the Net.
2:06 of 3rd period - Slapshot by Richard Zednik.
2:06 of 3rd period - Stopped by Jeff Glass without a rebound.
2:07 of 3rd period - Tyler Bozak wins face-off versus Casey Cizikas in Diables zone.
2:43 of 3rd period - Wrist shot by Tanner Glass.
2:43 of 3rd period - Stopped by Jeff Glass without a rebound.
2:44 of 3rd period - Casey Cizikas wins face-off versus Tyler Bozak in Diables zone.
2:55 of 3rd period - Slapshot by Adam Pineault.
2:55 of 3rd period - Goal by Adam Pineault - Punishers : 2 - Diables : 1.
2:56 of 3rd period - Tyler Bozak wins face-off versus Éric Perrin in neutral zone.
3:05 of 3rd period - Snap shot by Chris Mcallister.
3:05 of 3rd period - Shot Misses the Net.
3:26 of 3rd period - Wrist shot by Mark Fraser.
3:26 of 3rd period - Deflect By Damien Brunner.
3:26 of 3rd period - Stopped by Jeff Glass with a rebound.
3:52 of 3rd period - Wrist shot by Jamie Arniel.
3:52 of 3rd period - Shot Misses the Net.
5:34 of 3rd period - Wrist shot by Richard Zednik.
5:34 of 3rd period - Goal by Richard Zednik - Punishers : 3 - Diables : 1.
5:35 of 3rd period - Richard Zednik wins face-off versus Tyler Bozak in neutral zone.
5:48 of 3rd period - Icing by Petr Sykora.
5:49 of 3rd period - Casey Cizikas wins face-off versus Tyler Bozak in Diables zone.
6:17 of 3rd period - Icing by Richard Zednik.
6:18 of 3rd period - Kellan Lain wins face-off versus Éric Perrin in Punishers zone.
6:49 of 3rd period - Slapshot by Mike Weber.
6:49 of 3rd period - Deflect By Tanner Glass.
6:49 of 3rd period - Shot Misses the Net.
6:49 of 3rd period - Puck is out of play.
6:50 of 3rd period - Tyler Bozak wins face-off versus Kris Chucko in Diables zone.
7:12 of 3rd period - Icing by Mark Fraser.
7:13 of 3rd period - Kellan Lain wins face-off versus Luke Adam in Punishers zone.
7:28 of 3rd period - Snap shot by Damien Brunner.
7:28 of 3rd period - Stopped by Kevin Poulin without a rebound.
7:29 of 3rd period - Tyler Bozak wins face-off versus Éric Perrin in Punishers zone.
7:32 of 3rd period - Slapshot by Petr Sykora.
7:32 of 3rd period - Stopped by Kevin Poulin with a rebound.
7:38 of 3rd period - Wrist shot by Brad Isbister.
7:38 of 3rd period - Deflect By Richard Zednik.
7:38 of 3rd period - Stopped by Jeff Glass without a rebound.
7:39 of 3rd period - Éric Perrin wins face-off versus Petr Sykora in Diables zone.
7:40 of 3rd period - Slapshot by Brad Isbister.
7:40 of 3rd period - Stopped by Jeff Glass with a rebound.
7:42 of 3rd period - Slapshot by Mike Weber.
7:42 of 3rd period - Stopped by Jeff Glass with a rebound.
7:44 of 3rd period - Snap shot by Brad Isbister.
7:44 of 3rd period - Deflect By Éric Perrin.
7:44 of 3rd period - Shot Misses the Net.
7:44 of 3rd period - Puck is out of play.
7:45 of 3rd period - Casey Cizikas wins face-off versus Tyler Bozak in Diables zone.
7:50 of 3rd period - Backhand shot by Kris Chucko.
7:50 of 3rd period - Shot Misses the Net.
8:12 of 3rd period - Adam McQuaid is hit by Andy Greene and loses puck.
8:17 of 3rd period - Wrist shot by Damien Brunner.
8:17 of 3rd period - Shot Blocked by Éric Perrin.
8:59 of 3rd period - Brandon McMillan is hit by Tomas Kubalik and loses puck.
9:49 of 3rd period - Minor Penalty to Damien Brunner for Tripping.
9:50 of 3rd period - Éric Perrin wins face-off versus Chris Mcallister in Diables zone.
9:55 of 3rd period - Slapshot by Richard Zednik.
9:55 of 3rd period - Shot Misses the Net.
9:57 of 3rd period - Slapshot by Mark Fraser.
9:57 of 3rd period - Goal by Mark Fraser - Punishers : 4 - Diables : 1.
9:58 of 3rd period - Chris Mcallister wins face-off versus Éric Perrin in neutral zone.
10:00 of 3rd period - Off-side.
10:01 of 3rd period - Tyler Bozak wins face-off versus Richard Zednik in neutral zone.
10:28 of 3rd period - Slapshot by Tanner Glass.
10:28 of 3rd period - Shot Misses the Net.
11:03 of 3rd period - Wrist shot by Chris Mcallister.
11:03 of 3rd period - Stopped by Kevin Poulin without a rebound.
11:04 of 3rd period - Éric Perrin wins face-off versus Kellan Lain in Punishers zone.
11:04 of 3rd period - Éric Perrin is hit by Brett Maclean.
11:29 of 3rd period - Radek Smolenak is hit by Justin Schultz and loses puck.
11:50 of 3rd period - Snap shot by Tomas Kubalik.
11:50 of 3rd period - Stopped by Kevin Poulin with a rebound.
11:52 of 3rd period - Slapshot by Matt Jones.
11:52 of 3rd period - Stopped by Kevin Poulin with a rebound.
12:22 of 3rd period - Erik Condra is hit by Damien Brunner and loses puck.
12:50 of 3rd period - Radek Smolenak is hit by Andy Greene and loses puck.
13:13 of 3rd period - Brett Maclean is hit by Éric Perrin and loses puck.
14:04 of 3rd period - Slapshot by Andy Greene.
14:04 of 3rd period - Deflect By Brad Isbister.
14:04 of 3rd period - Stopped by Kevin Poulin with a rebound.
14:33 of 3rd period - Slapshot by Erik Condra.
14:33 of 3rd period - Stopped by Jeff Glass with a rebound.
14:35 of 3rd period - Wrist shot by Erik Condra.
14:35 of 3rd period - Stopped by Jeff Glass with a rebound.
14:41 of 3rd period - Minor Penalty to Justin Schultz for Hooking.
14:42 of 3rd period - Éric Perrin wins face-off versus Chris Mcallister in Diables zone.
14:45 of 3rd period - Wrist shot by Éric Perrin.
14:45 of 3rd period - Shot Misses the Net.
14:47 of 3rd period - Snap shot by Éric Perrin.
14:47 of 3rd period - Goal by Éric Perrin - Punishers : 5 - Diables : 1.
14:48 of 3rd period - Éric Perrin wins face-off versus Tyler Bozak in neutral zone.
14:48 of 3rd period - Brad Isbister is hit by Tyler Bozak.
15:14 of 3rd period - Adam McQuaid is hit by Steve Quailer and loses puck.
15:48 of 3rd period - Snap shot by Tomas Kubalik.
15:48 of 3rd period - Shot Misses the Net.
16:08 of 3rd period - Snap shot by Brett Maclean.
16:08 of 3rd period - Stopped by Kevin Poulin without a rebound.
16:09 of 3rd period - Tyler Bozak wins face-off versus Éric Perrin in Punishers zone.
16:39 of 3rd period - Matt Jones is hit by Tanner Glass and loses puck.
17:11 of 3rd period - Matt Jones is hit by Adam Pineault and loses puck.
17:22 of 3rd period - Snap shot by Andrej Meszaros.
17:22 of 3rd period - Stopped by Kevin Poulin with a rebound.
17:42 of 3rd period - Slapshot by Petr Sykora.
17:42 of 3rd period - Shot Misses the Net.
18:04 of 3rd period - Kyle Chipchura is hit by Erik Condra and loses puck.
18:14 of 3rd period - Off-side.
18:15 of 3rd period - Kellan Lain wins face-off versus Luke Adam in neutral zone.
18:48 of 3rd period - Slapshot by Nate Prosser.
18:48 of 3rd period - Stopped by Jeff Glass with a rebound.
19:18 of 3rd period - Simon Despres is hit by Martin Grenier and loses puck.
19:47 of 3rd period - Wrist shot by Brad Isbister.
19:47 of 3rd period - Stopped by Jeff Glass with a rebound.
19:49 of 3rd period - Snap shot by Éric Perrin.
19:49 of 3rd period - Shot Misses the Net.
19:51 of 3rd period - Snap shot by Richard Zednik.
19:51 of 3rd period - Shot Misses the Net.
19:53 of 3rd period - Snap shot by Richard Zednik.
19:53 of 3rd period - Punishers goal is going for a video replay.
19:53 of 3rd period - The goal is refused. The attacking player has interfered with a goalkeeper in his goal crease..
19:54 of 3rd period - Casey Cizikas wins face-off versus Tyler Bozak in Diables zone.
Goals for this period are 4 for Punishers vs 0 for Diables.
Shots for this period are 19 for Punishers vs 8 for Diables.


Output by the SimonT Hockey Simulator (STHS) for François Prévost -- Original Page W3C XHTML 1.0 Valid
Hockey Simulator - Hockey Simulation - Hockey Manager